 Dungeon Crawl Stone Soup version 0.32-a0-699-g1ee5eff69a (webtiles) character file.

Game seed: 14406454864650086435

1168 sleeves the Thaumaturge (level 8, -3/50 HPs)
             Began as a Djinni Summoner on Mar 13, 2024.
             Was an Initiate of Makhleb.
             Slain by a bullfrog (7 damage)
             ... on level 5 of the Dungeon.
             The game lasted 00:09:27 (4357 turns).

sleeves the Thaumaturge (Djinni Summoner)           Turns: 4357, Time: 00:09:28

Health: -3/50      AC:  2    Str:  7    XL:     8   Next: 68%
Gold:   221        EV: 16    Int: 19    God:    Makhleb [......] SH:  0 Dex: 14

rFire   + + .        d - +2 whip (freeze)
rCold   x . .        (no shield)
rNeg    . . .        a - +0 robe
rPois   ∞            (no helmet)
rElec   .            (no cloak)
rCorr   .            (no gloves)
SInv    .            (boots unavailable)
Will    .....        (no amulet)
Stlth   ++           i - +5 ring of evasion
HPRegen 0.28/turn    (no ring)
MPRegen 0.00/turn

%: infuse magic (-4 HP)
@: flying, inugami summoned
A: sickness immunity, fire resistance 2, cold vulnerability 1, float, innate
caster, HP casting, extra vitality 1
a: Renounce Religion


You were on level 5 of the Dungeon.
You worshipped Makhleb.
Makhleb was noncommittal.
You visited 2 branches of the dungeon, and saw 7 of its levels.

You collected 221 gold pieces.

Inventory:

Hand Weapons
 c - a +0 short sword
   (You took it off a kobold on level 1 of the Dungeon)
 d - a +2 whip of freezing (weapon)
   (You took it off a kobold on level 1 of the Dungeon)
 w - a +3 long sword
   (You found it on level 4 of the Dungeon)
Armour
 a - a +0 robe (worn)
 z - a scarf of shadows
   (You found it on level 4 of the Dungeon)
Jewellery
 e - an amulet of regeneration
   (You found it on level 1 of the Dungeon)
 i - a +5 ring of evasion (left hand)
   (You found it on level 1 of the Dungeon)
 r - a ring of resist corrosion
   (You found it on level 3 of the Dungeon)
 t - a ring of wizardry
   (You found it on level 3 of the Dungeon)
 y - an amulet of reflection
   (You found it on level 4 of the Dungeon)
Wands
 C - a wand of flame (14)
   (You took it off Ijyb on level 5 of the Dungeon)
Scrolls
 g - 2 scrolls of teleportation {unknown}
 h - 3 scrolls of enchant armour {unknown}
 k - 4 scrolls of identify {unknown}
 l - 3 scrolls of fog {unknown}
 m - a scroll of noise {unknown}
 o - a scroll of enchant weapon {unknown}
 p - a scroll of vulnerability {unknown}
 s - 2 scrolls of amnesia {unknown}
 x - a scroll of poison {unknown}
 B - a scroll of summoning {unknown}
Potions
 b - 2 potions of cancellation
 f - a potion of heal wounds
 j - 2 potions of curing {unknown}
 n - a potion of might {unknown}
 q - a potion of brilliance {unknown}
 u - a potion of resistance {unknown}
 v - a potion of invisibility {unknown}
 A - a potion of lignification {unknown}


   Skills:
 - Level 2.1 Dodging
 - Level 1.5 Stealth
 + Level 8.5 Spellcasting
 + Level 8.5 Conjurations
 + Level 8.5 Hexes
 + Level 8.5 Summonings
 + Level 8.5 Necromancy
 + Level 8.5 Translocations
 + Level 8.5 Fire Magic
 + Level 8.5 Ice Magic
 + Level 8.5 Air Magic
 + Level 8.5 Earth Magic
 + Level 8.5 Alchemy


You knew the following spells:

 Your Spells              Type           Power      Damage    Failure   Level
a - Summon Small Mammal   Summ           100%       N/A       1%          1
b - Call Imp              Summ           80%        N/A       1%          2
c - Call Canine Familiar  Summ           40%        N/A       1%          3
d - Summon Blazeheart Go  Fire/Summ      40%        N/A       2%          4
e - Summon Lightning Spi  Summ/Air       40%        N/A       2%          4
f - Foxfire               Conj/Fire      100%       2x1d9     1%          1
g - Blink                 Tloc           80%        N/A       1%          2
h - Confusing Touch       Hex            40%        N/A       1%          3
Your spell library was empty.

Dungeon Overview and Level Annotations

Branches:
Dungeon (6/15)             Temple (1/1) D:5

Altars:
Ashenzari
Cheibriados
Dithmenos
Elyvilon
Fedhas
Gozag
Hepliaklqana
Makhleb
Nemelex Xobeh
Qazlal
Ru
Trog
Uskayaw
Wu Jian
Yredelemnul
Zin
The Shining One


Innate Abilities, Weirdness & Mutations

You are immune to sickness and miasma.
You are immune to poison.
Your flesh is very heat resistant. (rF++)
You are vulnerable to cold. (rC-)
You float through the air rather than walking.
You learn spells naturally, not from books.
Your magical power is your life essence.
You have superior vitality. (+4 MHP)


Message History

Your cerulean imp hits the ufetubus from afar with a -2 spear.
The ufetubus hits your inugami.
The ufetubus hits your inugami but does no damage.
Your inugami hits the ufetubus.
Your cerulean imp hits the ufetubus from afar with a -2 spear.
The ufetubus closely misses your inugami.
The ufetubus hits your inugami but does no damage.
The ufetubus slips past your inugami!
The ufetubus hits your inugami but does no damage.
The ufetubus closely misses your inugami.
Your inugami barely misses the ufetubus.
Your cerulean imp misses the ufetubus.
You are too injured to fight recklessly!
You are too injured to fight recklessly!
You are too injured to fight recklessly!
You hit the ufetubus.
You kill the ufetubus!
Your cerulean imp disappears in a puff of smoke!
Your inugami disappears in a puff of smoke!
An ufetubus comes into view.
An ufetubus is nearby!
An ufetubus is nearby!
An ufetubus is nearby!
The ufetubus shouts!
The ufetubus slips past you! The ufetubus barely misses you.
The ufetubus closely misses you.
The ufetubus hits you but does no damage. x2
You hit the ufetubus but do no damage. The ufetubus misses you.
The ufetubus barely misses you.
You barely miss the ufetubus. The ufetubus hits you.
The ufetubus barely misses you. The ufetubus closely misses you.
The ufetubus hits you.
You hit the ufetubus.
The ufetubus is moderately wounded.
The ufetubus hits you. The ufetubus barely misses you.
The ufetubus hits you but does no damage.
The ufetubus hits you.
You hit the ufetubus.
The ufetubus is severely wounded.
The ufetubus slips past you! The ufetubus hits you.
The ufetubus hits you but does no damage.
You conjure some foxfire!
The ufetubus hits you.
The ufetubus hits you but does no damage.
The ufetubus misses you. The ufetubus closely misses you.
Your foxfire dissipates!
The foxfire hits the ufetubus!
The ufetubus is burned terribly!
You kill the ufetubus!
z - a scarf of shadows
s - 2 scrolls labelled FUCHUMP ISOELL (gained 1)
Found 4 stones.
Found a stone staircase leading up.
You see here 4 stones.
There is a stone staircase leading up here.
j - 2 silvery potions (gained 1)
An endoplasm comes into view.
An endoplasm is nearby!
The endoplasm quivers.
The endoplasm freezes you.
You are frozen.
You hit the endoplasm. You freeze the endoplasm.
The endoplasm is moderately wounded.
The endoplasm hits you.
You hit the endoplasm. You freeze the endoplasm.
You kill the endoplasm!
Your Spellcasting skill increases to level 6!
Your Conjurations skill increases to level 6!
Your Hexes skill increases to level 6!
Your Summonings skill increases to level 6!
Your Necromancy skill increases to level 6!
Your Translocations skill increases to level 6!
Your Fire Magic skill increases to level 6!
Your Ice Magic skill increases to level 6!
Your Air Magic skill increases to level 6!
Your Earth Magic skill increases to level 6!
Your Alchemy skill increases to level 6!
No target in view!
There is a stone staircase leading down here.
There is a stone staircase leading down here.
Things that are here:
a +0 club; a goblin skeleton
Found a hand axe.
Found a book of Burglary.
You now have 187 gold pieces (gained 6).
You see here a +0 hand axe.
You see here a book of Burglary.
Found a spear.
You see here a +0 spear.
Done exploring.
Done exploring.
Done exploring.
Done exploring.
There is a stone staircase leading up here.
There is a stone staircase leading down here.
You fly downwards.
There is a stone staircase leading up here.
A black bear comes into view.
A black bear is nearby!
A black bear is nearby!
A black bear is nearby!
Casting: Foxfire (safe; 1% risk of failure)
Confirm with . or Enter, or press ? or * to list all spells.
You call for your canine familiar and it appears with a howl!
Casting: Call Canine Familiar (dangerous; 2% risk of failure)
Confirm with . or Enter, or press ? or * to list all spells.
A tiny devil pulls itself out of the air.
You swap places.
There are no items here.
Unknown command.
What are your orders? t - Shout!
Orders for allies: a - Attack new target. r - Retreat! s - Stop attacking. g - Guard the area. f - Follow me.
Anything else - Cancel.
Gang up on whom?
Press: ? - help, Dir - move target, f - black bear
Aim: a black bear (ally target) Attack!
Your cerulean imp hits the black bear from afar with a -2 spear.
Your cerulean imp hits the black bear with a -2 spear.
The black bear bites your cerulean imp.
The black bear barely misses your cerulean imp.
The black bear claws your cerulean imp but does no damage.
Your cerulean imp barely misses the black bear.
The black bear bites your cerulean imp. The black bear claws your cerulean imp.
The black bear misses your cerulean imp.
Your cerulean imp hits the black bear with a -2 spear.
The black bear bites your cerulean imp but does no damage.
The black bear misses your cerulean imp.
The black bear barely misses your cerulean imp.
Your cerulean imp hits the black bear with a -2 spear.
The black bear bites your cerulean imp.
Your cerulean imp dies!
Your cerulean imp disappears in a puff of smoke!
Your inugami hits the black bear.
The black bear barely misses your inugami. x2
The black bear claws your inugami.
Your inugami hits the black bear.
The black bear bites your inugami but does no damage.
The black bear completely misses your inugami.
The black bear claws your inugami.
Your inugami hits the black bear but does no damage.
The black bear bites your inugami but does no damage.
The black bear closely misses your inugami.
The black bear claws your inugami but does no damage.
Your inugami hits the black bear but does no damage.
The black bear bites your inugami. The black bear misses your inugami.
The black bear closely misses your inugami.
Your inugami hits the black bear. The black bear bites your inugami.
The black bear barely misses your inugami.
The black bear claws your inugami but does no damage.
Your inugami closely misses the black bear.
The black bear closely misses your inugami.
The black bear barely misses your inugami. x2
Your inugami hits the black bear.
The black bear barely misses your inugami.
The black bear closely misses your inugami.
The black bear claws your inugami but does no damage.
Your inugami hits the black bear!
The black bear dies!
You have reached level 7!
The power to cast Confusing Touch wells up from within.
Spell assigned to 'h'.
You swap places.
Found a stone staircase leading down.
A - a grey potion You see here a book of the Dragon.
A black bear comes into view.
The black bear growls angrily.
A black bear is nearby!
A black bear is nearby!
A black bear is nearby!
Casting: Call Imp (safe; 1% risk of failure)
Confirm with . or Enter, or press ? or * to list all spells.
A tiny devil pulls itself out of the air.
A scorpion comes into view.
Your cerulean imp hits the black bear but does no damage.
Your inugami closely misses the black bear.
The black bear closely misses your inugami. x2
The black bear claws your inugami.
Your cerulean imp hits the black bear from afar with a -2 spear.
Your inugami hits the black bear.
The black bear bites your inugami but does no damage.
The black bear claws your inugami but does no damage. x2
Your cerulean imp barely misses the black bear.
Your inugami hits the black bear but does no damage.
The black bear barely misses your inugami.
The black bear claws your inugami but does no damage. x2
Your cerulean imp hits the black bear from afar with a -2 spear.
The scorpion barely misses your cerulean imp.
Your inugami hits the black bear. The black bear bites your inugami.
The black bear misses your inugami.
The black bear closely misses your inugami.
The scorpion stings your cerulean imp but does no damage.
Your cerulean imp hits the black bear from afar with a -2 spear.
Your inugami hits the black bear!
The black bear dies!
The scorpion stings your cerulean imp.
Your cerulean imp barely misses the scorpion.
Your inugami hits the scorpion but does no damage.
The scorpion stings your cerulean imp.
Your cerulean imp hits the scorpion but does no damage.
The scorpion barely misses your cerulean imp.
Your inugami barely misses the scorpion.
Your cerulean imp hits the scorpion but does no damage.
The scorpion closely misses your cerulean imp.
Your inugami hits the scorpion but does no damage.
The scorpion barely misses your cerulean imp.
Your cerulean imp hits the scorpion but does no damage.
Your inugami hits the scorpion.
The scorpion completely misses your cerulean imp.
Your cerulean imp hits the scorpion but does no damage.
Your inugami hits the scorpion.
The scorpion closely misses your inugami.
Your cerulean imp misses the scorpion.
Your inugami barely misses the scorpion.
The scorpion stings your inugami.
Your inugami is poisoned.
The scorpion poisons your inugami!
Your cerulean imp hits the scorpion with a -2 spear.
The scorpion closely misses your inugami.
Your inugami completely misses the scorpion.
Your cerulean imp barely misses the scorpion.
The scorpion barely misses your inugami.
Your inugami closely misses the scorpion.
The scorpion closely misses your inugami.
Your cerulean imp hits the scorpion with a -2 spear.
Your inugami hits the scorpion.
The scorpion barely misses your inugami.
Your cerulean imp hits the scorpion with a -2 spear.
Your inugami hits the scorpion.
The scorpion dies!
You swap places.
You swap places.
Found 3 stones.
Your cerulean imp disappears in a puff of smoke!
Your inugami dies!
Your inugami disappears in a puff of smoke!
You reach down and open the door.
There is an open door here.
An iguana comes into view.
An iguana is nearby!
An iguana is nearby!
An iguana is nearby!
Casting: Call Imp (safe; 1% risk of failure)
Confirm with . or Enter, or press ? or * to list all spells.
Your canine familiar is too injured to answer your call.
Casting: Call Canine Familiar (safe; 1% risk of failure)
Confirm with . or Enter, or press ? or * to list all spells.
Your canine familiar is too injured to answer your call.
Casting: Call Canine Familiar (safe; 1% risk of failure)
Confirm with . or Enter, or press ? or * to list all spells.
An electric hum fills the air.
The iguana attacks as it pursues you! The iguana closely misses you.
You hit the iguana. You freeze the iguana.
The iguana is moderately wounded.
The iguana bites you but does no damage.
You hit the iguana. You freeze the iguana.
The iguana is heavily wounded.
Your lightning spire shoots out a bolt of lightning at the iguana!
The bolt of electricity hits the iguana.
You hit the iguana. You freeze the iguana.
The iguana is almost dead.
Your lightning spire shoots out a bolt of lightning at the iguana!
The bolt of electricity hits the iguana!
The iguana dies!
HP restored.
Your familiar recovers from its injuries.
A water moccasin comes into view.
A water moccasin is nearby!
A water moccasin is nearby!
Casting: Summon Lightning Spire (dangerous; 6% risk of failure)
Confirm with . or Enter, or press ? or * to list all spells.
A tiny devil pulls itself out of the air.
Casting: Call Imp (safe; 1% risk of failure)
Confirm with . or Enter, or press ? or * to list all spells.
You call for your canine familiar and it appears with a howl!
Casting: Call Canine Familiar (safe; 1% risk of failure)
Confirm with . or Enter, or press ? or * to list all spells.
A fiery spirit appears, bound in slag iron.
Casting: Summon Blazeheart Golem (dangerous; 6% risk of failure)
Confirm with . or Enter, or press ? or * to list all spells.
You don't know that spell.
What are your orders? t - Shout!
Orders for allies: a - Attack new target. r - Retreat! s - Stop attacking. g - Guard the area. f - Follow me.
Anything else - Cancel.
Gang up on whom?
Press: ? - help, Dir - move target, f - water moccasin
Aim: a water moccasin (asleep, ally target) Attack!
The water moccasin hisses angrily.
Your blazeheart golem's core grows cold and it stops moving.
Your blazeheart golem's core flares to life once more.
Your cerulean imp hits the water moccasin but does no damage.
Your cerulean imp completely misses the water moccasin.
Your inugami barely misses the water moccasin.
Found a long sword.
The water moccasin bites your inugami but does no damage.
Your cerulean imp misses the water moccasin.
Your inugami barely misses the water moccasin.
Your cerulean imp hits the water moccasin from afar with a -1 spear.
Your inugami closely misses the water moccasin.
Your blazeheart golem closely misses the water moccasin.
You hit the water moccasin. You freeze the water moccasin.
The water moccasin is moderately wounded.
The water moccasin bites you.
Your cerulean imp hits the water moccasin from afar with a -1 spear.
Your inugami closely misses the water moccasin.
Your cerulean imp closely misses the water moccasin.
Your blazeheart golem misses the water moccasin.
Your inugami hits the water moccasin!
The water moccasin barely misses your inugami.
Your cerulean imp barely misses the water moccasin.
Your inugami barely misses the water moccasin.
The water moccasin barely misses your inugami.
What are your orders? t - Shout!
Orders for allies: a - Attack new target. p - Attack previous target. r - Retreat! s - Stop attacking. g - Guard the area. f - Follow me.
Anything else - Cancel.
Gang up on whom?
Press: ? - help, Dir - move target, f/p - water moccasin
Aim: a water moccasin (severely wounded, not watching you, ally target) Attack!
Your cerulean imp hits the water moccasin from afar with a -1 spear.
The water moccasin bites your inugami but does no damage.
Your blazeheart golem punches the water moccasin!!
The water moccasin dies!
Your Spellcasting skill increases to level 7!
Your Conjurations skill increases to level 7!
Your Hexes skill increases to level 7!
Your Summonings skill increases to level 7!
Your Necromancy skill increases to level 7!
Your Translocations skill increases to level 7!
Your Fire Magic skill increases to level 7!
Your Ice Magic skill increases to level 7!
Your Air Magic skill increases to level 7!
Your Earth Magic skill increases to level 7!
Your Alchemy skill increases to level 7!
Unknown command.
Your cerulean imp disappears in a puff of smoke!
Your blazeheart golem disappears in a puff of smoke!
Found a staircase to the Ecumenical Temple.
Your inugami runs in silly circles!
An orc comes into view. It is wielding a +0 short sword.
An orc is nearby!
An orc is nearby!
An orc is nearby!
You conjure some foxfire!
The orc shouts!
The foxfire hits the orc.
The orc is severely wounded.
You conjure some foxfire!
The foxfire hits the orc!
You kill the orc!
Your foxfire dissipates! x2
There is a staircase to the Ecumenical Temple here.
You swap places.
There is a staircase to the Ecumenical Temple here.
You fly downwards.
Welcome to the Ecumenical Temple!
Your summoned ally is left behind.
Found a staircase back to the Dungeon.
There is a staircase back to the Dungeon here.
Search for what [? for help]? mak You reach down and open the door.
There is an open door here.
You reach down and open the door.
Found a burning altar of Makhleb.
There is an open door here.
There is a burning altar of Makhleb here.
You hover solemnly before the altar of Makhleb.
Makhleb welcomes you!
Unknown command.
Press < or > to pray at altars.
There is an open door here.
There is an open door here.
There is a staircase back to the Dungeon here.
You fly upwards.
Welcome back to the Dungeon!
There is a staircase to the Ecumenical Temple here.
Unknown command.
A hound comes into view.
A hound is nearby!
A hound is nearby!
A hound is nearby!
You conjure some foxfire!
You conjure some foxfire!
A hound is nearby!
You conjure some foxfire!
The foxfire hits the hound.
The hound is lightly wounded.
The foxfire hits the hound.
The hound is heavily wounded.
The foxfire hits the hound.
The hound is heavily wounded.
Your foxfire dissipates!
A hound is nearby!
A hound is nearby!
A hound is nearby!
You conjure some foxfire!
The foxfire hits the hound.
The hound is almost dead.
The foxfire hits the hound.
You kill the hound!
Makhleb accepts your kill.
Your foxfire dissipates!
Your foxfire dissipates!
HP restored.
Found 2 stones.
Found a stone staircase leading down.
You conjure some foxfire!
Your foxfire dissipates!
Your foxfire dissipates!
A sleepcap comes into view.
A sleepcap is nearby!
A sleepcap is nearby!
A sleepcap is nearby!
A sleepcap is nearby!
You conjure some foxfire!
You conjure some foxfire!
The foxfire hits the sleepcap.
The sleepcap is moderately damaged.
The foxfire hits the sleepcap.
The sleepcap is heavily damaged.
You conjure some foxfire!
You conjure some foxfire!
The foxfire hits the sleepcap.
The sleepcap is severely damaged.
The foxfire hits the sleepcap.
The sleepcap is severely damaged.
You conjure some foxfire!
Your foxfire dissipates!
A sleepcap is nearby!
A sleepcap is nearby!
A sleepcap is nearby!
Your foxfire dissipates!
The foxfire hits the sleepcap.
The sleepcap is severely damaged.
The foxfire hits the sleepcap.
You destroy the sleepcap!
Makhleb accepts your kill.
Your foxfire dissipates!
Your foxfire dissipates!
An ice beast comes into view.
The ice beast moves out of view.
An ice beast is nearby!
An ice beast is nearby!
You conjure some foxfire!
You conjure some foxfire!
The foxfire hits the ice beast!
The ice beast melts!
The ice beast is moderately wounded.
The foxfire hits the ice beast but does no damage.
The ice beast is moderately wounded.
You conjure some foxfire!
You conjure some foxfire!
The foxfire hits the ice beast!
The ice beast melts!
The ice beast is severely wounded.
The foxfire hits the ice beast!
The ice beast melts!
You kill the ice beast!
Makhleb accepts your kill.
You have reached level 8!
You feel agile.
Your foxfire dissipates! x2
Your foxfire dissipates!
Your foxfire dissipates!
k - 4 scrolls labelled KUDEFF UCOJ (gained 1)
A howler monkey comes into view.
A howler monkey is nearby!
A howler monkey is nearby!
A howler monkey is nearby!
You conjure some foxfire!
The howler monkey howls!
The howler monkey hoots and howls with incredible vigour!
You conjure some foxfire!
You conjure some foxfire!
The foxfire hits the howler monkey.
The howler monkey is lightly wounded.
The foxfire hits the howler monkey.
The howler monkey is moderately wounded.
The foxfire hits the howler monkey.
The howler monkey is moderately wounded.
The foxfire hits the howler monkey.
The howler monkey is heavily wounded.
You conjure some foxfire!
The foxfire hits the howler monkey.
The howler monkey is severely wounded.
The howler monkey hoots and howls with incredible vigour!
You hear a shout!
You hear an angry hiss.
You conjure some foxfire!
The foxfire hits the howler monkey.
The howler monkey is almost dead.
The foxfire hits the howler monkey!
You kill the howler monkey!
Makhleb accepts your kill.
Your foxfire dissipates!
Your foxfire dissipates! x2
B - a scroll labelled DOUSCH ILOAM
Found a stone staircase leading down.
Found a book of Vapours.
An orc comes into view. It is wielding a +0 flail.
An orc is nearby!
You conjure some foxfire!
The orc shouts!
You conjure some foxfire!
The foxfire hits the orc.
The orc is almost dead.
The foxfire hits the orc.
You kill the orc!
Makhleb accepts your kill.
You conjure some foxfire!
Your foxfire dissipates! x2
Your foxfire dissipates! x2
An iguana comes into view.
An iguana is nearby!
An iguana is nearby!
An iguana is nearby!
You conjure some foxfire!
The iguana hisses angrily.
You conjure some foxfire!
The foxfire hits the iguana but does no damage. x2
You conjure some foxfire!
The foxfire hits the iguana.
The iguana is lightly wounded.
The foxfire hits the iguana.
The iguana is moderately wounded.
You conjure some foxfire!
The foxfire hits the iguana.
The iguana is heavily wounded.
The foxfire hits the iguana.
The iguana is severely wounded.
You conjure some foxfire!
The foxfire hits the iguana.
The iguana is severely wounded.
The foxfire hits the iguana.
The iguana is almost dead.
The iguana barely misses you.
You conjure some foxfire!
The foxfire hits the iguana.
You kill the iguana!
Makhleb accepts your kill.
Your foxfire dissipates!
Your foxfire dissipates! x2
You see here an iguana corpse.
A white imp comes into view.
A white imp is nearby!
A white imp is nearby!
You conjure some foxfire!
The white imp shouts!
You conjure some foxfire!
The foxfire hits the white imp.
The white imp is burned terribly!
The white imp is moderately wounded.
You conjure some foxfire!
The foxfire hits the white imp!
The white imp is burned terribly!
You kill the white imp!
Makhleb accepts your kill.
You conjure some foxfire!
Your foxfire dissipates! x2
Your foxfire dissipates!
Your foxfire dissipates! x3
A sleepcap comes into view.
A sleepcap is nearby!
A sleepcap is nearby!
A sleepcap is nearby!
You conjure some foxfire!
You conjure some foxfire!
The foxfire hits the sleepcap.
The sleepcap is lightly damaged.
The foxfire hits the sleepcap.
The sleepcap is moderately damaged.
You conjure some foxfire!
The foxfire hits the sleepcap.
The sleepcap is heavily damaged.
The foxfire hits the sleepcap.
The sleepcap is heavily damaged.
You conjure some foxfire!
The foxfire hits the sleepcap.
The sleepcap is severely damaged.
The foxfire hits the sleepcap.
The sleepcap is almost destroyed.
A sleepcap is nearby!
A sleepcap is nearby!
A sleepcap is nearby!
A sleepcap is nearby!
You conjure some foxfire!
The foxfire hits the sleepcap.
The sleepcap is almost destroyed.
The foxfire hits the sleepcap.
You destroy the sleepcap!
Makhleb accepts your kill.
Your foxfire dissipates!
Your foxfire dissipates!
You now have 199 gold pieces (gained 12).
Found a dagger.
A scorpion comes into view.
A scorpion is nearby!
A scorpion is nearby!
You conjure some foxfire!
You conjure some foxfire!
You conjure some foxfire!
The foxfire hits the scorpion but does no damage.
You conjure some foxfire!
Your foxfire dissipates!
The foxfire hits the scorpion.
The scorpion is lightly wounded.
The foxfire hits the scorpion but does no damage.
The scorpion is lightly wounded.
You conjure some foxfire!
The foxfire hits the scorpion.
The scorpion is moderately wounded.
The foxfire hits the scorpion.
The scorpion is heavily wounded.
Your foxfire dissipates!
A scorpion is nearby!
A scorpion is nearby!
A scorpion is nearby!
The foxfire hits the scorpion but does no damage.
The scorpion is heavily wounded.
The foxfire hits the scorpion!
The scorpion is almost dead.
The foxfire hits the scorpion but does no damage.
The scorpion is almost dead.
A scorpion is nearby!
You conjure some foxfire!
The foxfire hits the scorpion.
You kill the scorpion!
Makhleb accepts your kill.
Your Spellcasting skill increases to level 8!
Your Conjurations skill increases to level 8!
Your Hexes skill increases to level 8!
Your Summonings skill increases to level 8!
Your Necromancy skill increases to level 8!
Your Translocations skill increases to level 8!
Your Fire Magic skill increases to level 8!
Your Ice Magic skill increases to level 8!
Your Air Magic skill increases to level 8!
Your Earth Magic skill increases to level 8!
Your Alchemy skill increases to level 8!
Your foxfire dissipates!
Found a stone staircase leading up.
Found an ancient bone altar of Kikubaaqudgha.
Found a stone staircase leading up.
You now have 213 gold pieces (gained 14).
Ijyb the Inquisitive comes into view.
She is wielding a +0 dagger and carrying a wand of flame.
Ijyb is nearby!
You conjure some foxfire!
Ijyb zaps a wand.
The puff of flame hits you. You resist.
Casting: Foxfire (safe; 1% risk of failure)
Confirm with . or Enter, or press ? or * to list all spells.
You call for your canine familiar and it appears with a howl!
Ijyb screams, "They call me mad!"
Ijyb zaps a wand.
The puff of flame hits you. You resist.
You conjure some foxfire!
The foxfire hits Ijyb.
Ijyb is lightly wounded.
The foxfire hits Ijyb.
Ijyb is lightly wounded.
You conjure some foxfire!
The foxfire hits Ijyb.
Ijyb is moderately wounded.
You conjure some foxfire!
The foxfire hits Ijyb.
Ijyb is heavily wounded.
The foxfire hits Ijyb.
Ijyb is severely wounded.
The foxfire hits Ijyb.
Ijyb is severely wounded.
You conjure some foxfire!
The foxfire hits Ijyb!
Ijyb is almost dead.
The foxfire hits Ijyb.
You kill Ijyb!
Makhleb accepts your kill.
Your foxfire dissipates!
Your foxfire dissipates!
Your inugami cocks its head sideways at you.
C - a wand of flame (14)
Things that are here:
a +0 dagger; a +0 leather armour; the goblin corpse of Ijyb Your inugami disappears in a puff of smoke!
Done exploring.
Done exploring.
Done exploring.
Done exploring.
Done exploring.
There is a stone staircase leading down here.
You fly downwards.
Found a stone staircase leading up and a stone staircase leading down.
There is a stone staircase leading up here.
A bombardier beetle comes into view.
A bombardier beetle is nearby!
A bombardier beetle is nearby!
A bombardier beetle is nearby!
You conjure some foxfire!
You conjure some foxfire!
You conjure some foxfire!
Your foxfire dissipates! x2
The foxfire hits the bombardier beetle.
The bombardier beetle is moderately wounded.
You conjure some foxfire!
The foxfire hits the bombardier beetle.
The bombardier beetle is heavily wounded.
Your foxfire dissipates!
You conjure some foxfire!
The foxfire hits the bombardier beetle.
The bombardier beetle is heavily wounded.
Your foxfire dissipates!
You conjure some foxfire!
The foxfire hits the bombardier beetle.
The bombardier beetle is almost dead.
The bombardier beetle sprays incendiary fluid at you.
The burning spray hits you.
You are covered in liquid fire!
Your foxfire dissipates!
You conjure some foxfire!
The liquid fire burns you!
The foxfire hits the bombardier beetle!
You kill the bombardier beetle!
Makhleb accepts your kill.
You are on fire!
You are on fire!
Your foxfire dissipates!
You shake off some of the fire as you move.
The liquid fire burns you!
You shake off some of the fire as you move.
The liquid fire burns you!
Your foxfire dissipates! x2
You shake off the liquid fire.
There is a stone staircase leading up here.
HP restored.
You now have 221 gold pieces (gained 8).
A gnoll comes into view.
It is wielding a +0 club and quivering a throwing net.
Found a cloak.
A gnoll is nearby!
A gnoll is nearby!
A gnoll is nearby!
A gnoll is nearby!
You conjure some foxfire!
The gnoll shouts!
You hear a shout!
You conjure some foxfire!
The foxfire hits the gnoll but does no damage.
A gnoll comes into view. It is wielding a +0 whip.
You conjure some foxfire!
The foxfire hits the gnoll.
The gnoll is lightly wounded.
The foxfire hits the gnoll.
The gnoll is moderately wounded.
A gnoll bouda comes into view. It is wielding a +0 whip.
The foxfire hits the gnoll!
The gnoll is severely wounded.
A bombardier beetle comes into view.
You conjure some foxfire!
The gnoll bouda gazes fiercely through you!
You feel your attacks grow feeble.
You hear a shout!
You conjure some foxfire!
The foxfire hits the gnoll but does no damage.
The gnoll is severely wounded.
The foxfire hits the gnoll but does no damage.
The gnoll is severely wounded.
The foxfire hits the gnoll!
You kill the gnoll!
Makhleb accepts your kill.
Casting: Foxfire (safe; 1% risk of failure)
Confirm with . or Enter, or press ? or * to list all spells.
You call for your canine familiar and it appears with a howl!
The foxfire hits the gnoll.
The gnoll is moderately wounded.
The foxfire hits the gnoll.
The gnoll is severely wounded.
The foxfire hits the gnoll.
The gnoll is almost dead.
The gnoll bouda barks out a call to the hunt!
The gnoll picks up the pace!
Casting: Call Canine Familiar (safe; 1% risk of failure)
Confirm with . or Enter, or press ? or * to list all spells.
A fiery spirit appears, bound in slag iron.
The gnoll bouda calls upon its god to heal the gnoll.
The gnoll is healed somewhat.
You conjure some foxfire!
Your attacks no longer feel as feeble.
A gnoll comes into view. It is wielding a +0 whip.
Your inugami hits the gnoll!
The gnoll dies!
Makhleb accepts your kill.
You conjure some foxfire!
The foxfire hits the gnoll bouda.
The gnoll bouda is lightly wounded.
A gnoll comes into view. It is wielding a +0 spear.
Your inugami hits the gnoll bouda.
The foxfire hits the gnoll bouda.
The gnoll bouda is heavily wounded.
The foxfire hits the gnoll bouda but does no damage.
The gnoll bouda is heavily wounded.
The foxfire hits the gnoll bouda but does no damage.
The gnoll bouda is heavily wounded.
The gnoll bouda gazes fiercely through you!
You feel your attacks grow feeble.
Your inugami hits the gnoll bouda but does no damage.
The gnoll bouda hits your blazeheart golem with a +0 whip.
Your inugami barely misses the gnoll bouda.
Your blazeheart golem punches the gnoll bouda!
The gnoll hits your blazeheart golem with a +0 whip!
The bombardier beetle bites your inugami.
The gnoll barely misses your inugami.
The gnoll bouda hits your blazeheart golem with a +0 whip.
Your inugami completely misses the gnoll bouda.
The gnoll hits your blazeheart golem with a +0 whip.
The gnoll hits your inugami with a +0 spear!
The gnoll bouda hits your blazeheart golem with a +0 whip.
The bombardier beetle sprays incendiary fluid at you.
The burning spray hits your inugami.
Your blazeheart golem punches the gnoll bouda!
The gnoll bouda dies!
Makhleb accepts your kill.
Your blazeheart golem falls apart, revealing its core!
Your inugami hits the bombardier beetle!
Your attacks no longer feel as feeble.
Your inugami burns!
Your blazeheart core explodes!
The fiery explosion engulfs your inugami!!
You kill your inugami!
Your inugami disappears in a puff of smoke!
The fiery explosion engulfs the gnoll!!
You kill the gnoll!
Makhleb accepts your kill.
You hear a shout! x2; You hear an angry hiss.
You hear a shout! x2
You hear an angry hiss.
You hear a shout! x3; You hear a loud, deep croak!
You conjure some foxfire!
You conjure some foxfire!
The foxfire hits the gnoll.
The gnoll is moderately wounded.
The foxfire hits the gnoll but does no damage.
The gnoll is moderately wounded.
You conjure some foxfire!
There is not enough space to conjure foxfire!
There is not enough space to conjure foxfire!
Your foxfire dissipates!
Found a puce potion.
The foxfire hits the gnoll!
The gnoll is almost dead.
The foxfire hits the gnoll.
You kill the gnoll!
Makhleb accepts your kill.
You conjure some foxfire!
The bombardier beetle sprays incendiary fluid at you.
The burning spray hits you.
You are covered in liquid fire!
Your foxfire dissipates!
You shake off some of the fire as you move.
The liquid fire burns you!
You shake off some of the fire as you move.
The liquid fire burns you!
Found an escape hatch in the ceiling.
You shake off the liquid fire.
Your foxfire dissipates!
You start resting.
A bombardier beetle is nearby!
You conjure some foxfire!
You conjure some foxfire!
The foxfire hits the bombardier beetle.
The bombardier beetle is severely wounded.
You conjure some foxfire!
Your familiar recovers from its injuries.
The foxfire hits the bombardier beetle.
The bombardier beetle is almost dead.
Your foxfire dissipates!
You conjure some foxfire!
The foxfire hits the bombardier beetle!
You kill the bombardier beetle!
Makhleb accepts your kill.
Your foxfire dissipates! x2
Your foxfire dissipates!
Your foxfire dissipates!
An iguana comes into view.
An iguana is nearby!
An iguana is nearby!
An iguana is nearby!
You conjure some foxfire!
The iguana hisses angrily.
You conjure some foxfire!
You conjure some foxfire!
The foxfire hits the iguana!
The iguana is heavily wounded.
The foxfire hits the iguana.
The iguana is severely wounded.
The foxfire hits the iguana but does no damage.
The iguana is severely wounded.
The foxfire hits the iguana.
The iguana is severely wounded.
You conjure some foxfire!
The foxfire hits the iguana.
The iguana is almost dead.
An iguana is nearby!
An iguana is nearby!
An iguana is nearby!
An iguana is nearby!
The foxfire hits the iguana.
The iguana is almost dead.
The foxfire hits the iguana.
You kill the iguana!
Makhleb accepts your kill.
Your foxfire dissipates!
HP restored.
A gnoll comes into view. It is wielding a +0 whip.
A gnoll is nearby!
A gnoll is nearby!
A gnoll is nearby!
You conjure some foxfire!
You conjure some foxfire!
The foxfire hits the gnoll.
The gnoll is lightly wounded.
You conjure some foxfire!
The foxfire hits the gnoll.
The gnoll is moderately wounded.
You conjure some foxfire!
The foxfire hits the gnoll!
The gnoll is almost dead.
The foxfire hits the gnoll but does no damage.
The gnoll is almost dead.
The foxfire hits the gnoll.
You kill the gnoll!
Makhleb accepts your kill.
Your foxfire dissipates!
A gnoll comes into view.
It is wielding a +0 club and quivering a throwing net.
Your foxfire dissipates!
A gnoll is nearby!
A gnoll is nearby!
A gnoll is nearby!
A gnoll is nearby!
You conjure some foxfire!
Your foxfire dissipates!
The gnoll throws a throwing net.
The throwing net hits you.
You become entangled in the net!
A gnoll comes into view. It is wielding a +0 spear.
You conjure some foxfire!
The gnoll shouts!
A gnoll comes into view. It is wielding a +0 spear.
You conjure some foxfire!
The foxfire hits the gnoll!
The gnoll is heavily wounded.
Your foxfire dissipates!
A gnoll comes into view. It is wielding a +0 spear.
You conjure some foxfire!
The foxfire hits the gnoll!
You kill the gnoll!
Makhleb accepts your kill.
The foxfire hits the gnoll!
The gnoll is heavily wounded.
An adder comes into view.
You conjure some foxfire!
The foxfire hits the gnoll.
The gnoll is moderately wounded.
The foxfire hits the gnoll.
The gnoll is severely wounded.
A gnoll sergeant comes into view. It is wielding a +0 spear.
You conjure some foxfire!
You struggle against the net.
The foxfire hits the gnoll but does no damage.
The gnoll is severely wounded.
The foxfire hits the gnoll.
You kill the gnoll!
Makhleb accepts your kill.
The foxfire hits the gnoll.
The gnoll is almost dead.
A bullfrog comes into view.
The foxfire hits the gnoll.
You kill the gnoll!
Makhleb accepts your kill.
The foxfire hits the gnoll sergeant.
The gnoll sergeant is lightly wounded.
The bullfrog moves out of view.
You struggle against the net.
You struggle against the net.
You shred the net and break free! The adder bites you.
The adder attacks as it pursues you! The adder completely misses you.
The gnoll attacks as it pursues you! The gnoll closely misses you.
Casting: Foxfire (safe; 1% risk of failure)
Confirm with . or Enter, or press ? or * to list all spells.
You call for your canine familiar and it appears with a howl!
The adder barely misses you.
The gnoll hits something with a +0 spear!
The adder closely misses you.
The gnoll hits something but does no damage.
The gnoll hits your inugami with a +0 spear.
Your inugami hits the gnoll but does no damage.
The gnoll barely misses your inugami. The adder bites you.
Your inugami hits the gnoll! The gnoll closely misses your inugami.
The adder attacks as it pursues you! The adder closely misses you.
Your inugami hits the gnoll!
The gnoll dies!
Makhleb accepts your kill. The adder attacks as it pursues you!
The adder closely misses you. The bullfrog attacks as it pursues you!
The bullfrog misses you. The adder bites you but does no damage.
The bullfrog hits you but does no damage.
The adder bites you.
There is a stone staircase leading up here.
The bullfrog hits you but does no damage.
The bullfrog hits you!
The gnoll sergeant hits you from afar with a +0 spear.
You fly upwards.
There is a stone staircase leading down here.
Casting: Call Canine Familiar (safe; 1% risk of failure)
Confirm with . or Enter, or press ? or * to list all spells.
You call for your canine familiar and it appears with a howl!
The bullfrog hits you!
* * * LOW HITPOINT WARNING * * *
You closely miss the bullfrog. The bullfrog hits you.
* * * LOW HITPOINT WARNING * * *
The bullfrog hits you.
* * * LOW HITPOINT WARNING * * *
Your inugami hits the bullfrog.
Okay, then.
Unknown command.
Casting: Call Canine Familiar (safe; 1% risk of failure)
Confirm with . or Enter, or press ? or * to list all spells.
You blink.
* * * LOW HITPOINT WARNING * * *
The bullfrog closely misses you.
Okay, then.
i - a +5 ring of evasion (left hand)
You start putting on your amulet.
You continue putting on your amulet of regeneration.
The bullfrog misses you.
Your inugami barely misses the bullfrog.
The bullfrog closely misses you.
You continue putting on your amulet of regeneration.
You feel ready to blink again. The bullfrog misses you.
Your inugami hits the bullfrog.
You continue putting on your amulet of regeneration.
The bullfrog misses you.
Your inugami hits the bullfrog. The bullfrog hits you.
You stop putting on your amulet.
* * * LOW HITPOINT WARNING * * *
Casting: Blink (safe; 1% risk of failure)
Confirm with . or Enter, or press ? or * to list all spells.
A tiny devil pulls itself out of the air.
* * * LOW HITPOINT WARNING * * *
The bullfrog hits you!
You die...

......###.# ####...##.#
###.......# .#...#....#
.#..##....#
######....########
.#..##.........h>#
.#...#....######F#
###....#### #@# ####....#
#5# ......#.### #.#
.#####....# #.# ...# #....#
#.#
...###....######.##########
..........................#
..####.....#####.########.#
...#####...# #....#####.#


You could see a bullfrog (ally target), a friendly cerulean imp (summoned) and a
friendly inugami (summoned).

Vanquished Creatures
  An ice beast (D:5)
  A scorpion (D:5)
  A howler monkey (D:5)
  3 bombardier beetles
  A hound (D:5)
  An orc priest (D:3)
  2 iguanas
  2 sleepcaps (D:5)
  Ijyb (D:5)
  An adder (D:4)
  9 gnolls
  A white imp (D:5)
  2 ufetubi (D:4)
  3 dart slugs
  4 orcs
  3 endoplasms
  4 giant cockroaches
  6 hobgoblins
  2 kobolds (D:1)
  6 quokkas
  4 ball pythons
  4 bats
  2 frilled lizards
  3 goblins
  7 rats
74 creatures vanquished.

Vanquished Creatures (collateral kills)
  A water moccasin (D:5)
  2 black bears (D:5)
  2 scorpions
  A gnoll bouda (D:6)
  An iguana (D:5)
  An orc wizard (D:4)
  3 gnolls
  5 orcs
  An endoplasm (D:1)
  2 goblins
  A hobgoblin (D:3)
  2 kobolds (D:1)
  A ball python (D:1)
  A bat (D:1)
  A frilled lizard (D:1)
25 creatures vanquished.

Vanquished Creatures (others)
  A blazeheart core (D:6)
  272 foxfires
273 creatures vanquished.

Grand Total: 372 creatures vanquished

Notes
Turn   | Place    | Note
-------+----------+-------------------------------------------
     0 | D:1      | sleeves the Djinni Summoner began the quest for the Orb.
     0 | D:1      | sleeves set off with the following spells memorised: Summon
                  | Small Mammal, Call Imp, Call Canine Familiar, Summon
                  | Blazeheart Golem, Summon Lightning Spire.
     0 | D:1      | Reached XP level 1. HP: 15/15 MP: 0/0
   411 | D:1      | Reached XP level 2. HP: 21/21 MP: 0/0
   455 | D:1      | Reached skill level 4 in Spellcasting
   455 | D:1      | Reached skill level 4 in Conjurations
   455 | D:1      | Reached skill level 4 in Hexes
   455 | D:1      | Reached skill level 4 in Summonings
   455 | D:1      | Reached skill level 4 in Necromancy
   455 | D:1      | Reached skill level 4 in Translocations
   455 | D:1      | Reached skill level 4 in Fire Magic
   455 | D:1      | Reached skill level 4 in Ice Magic
   455 | D:1      | Reached skill level 4 in Air Magic
   455 | D:1      | Reached skill level 4 in Earth Magic
   455 | D:1      | Reached skill level 4 in Alchemy
   598 | D:1      | Reached XP level 3. HP: 16/25 MP: 0/0
   598 | D:1      | Learned a level 1 spell: Foxfire
   913 | D:2      | Reached XP level 4. HP: 22/31 MP: 0/0
   970 | D:2      | HP: 13/31 [gnoll/+0 halberd (11)]
  1719 | D:3      | Found an ornate altar of the Wu Jian Council.
  1770 | D:3      | Reached skill level 5 in Spellcasting
  1770 | D:3      | Reached skill level 5 in Conjurations
  1770 | D:3      | Reached skill level 5 in Hexes
  1770 | D:3      | Reached skill level 5 in Summonings
  1770 | D:3      | Reached skill level 5 in Necromancy
  1770 | D:3      | Reached skill level 5 in Translocations
  1770 | D:3      | Reached skill level 5 in Fire Magic
  1770 | D:3      | Reached skill level 5 in Ice Magic
  1770 | D:3      | Reached skill level 5 in Air Magic
  1770 | D:3      | Reached skill level 5 in Earth Magic
  1770 | D:3      | Reached skill level 5 in Alchemy
  1770 | D:3      | Reached XP level 5. HP: 32/35 MP: 0/0
  1770 | D:3      | Learned a level 2 spell: Blink
  1995 | D:3      | Found a glowing silver altar of Zin.
  1996 | D:3      | Found a sparkling altar of Nemelex Xobeh.
  2004 | D:3      | Found a snail-covered altar of Cheibriados.
  2004 | D:3      | Found a blossoming altar of Fedhas.
  2563 | D:4      | Reached XP level 6. HP: 40/40 MP: 0/0
  2675 | D:4      | HP: 18/40 [scorpion (3)]
  2678 | D:4      | HP: 6/40 [scorpion (5)]
  2681 | D:4      | HP: 2/40 [scorpion (4)]
  2926 | D:4      | Reached skill level 6 in Spellcasting
  2926 | D:4      | Reached skill level 6 in Conjurations
  2926 | D:4      | Reached skill level 6 in Hexes
  2926 | D:4      | Reached skill level 6 in Summonings
  2926 | D:4      | Reached skill level 6 in Necromancy
  2926 | D:4      | Reached skill level 6 in Translocations
  2926 | D:4      | Reached skill level 6 in Fire Magic
  2926 | D:4      | Reached skill level 6 in Ice Magic
  2926 | D:4      | Reached skill level 6 in Air Magic
  2926 | D:4      | Reached skill level 6 in Earth Magic
  2926 | D:4      | Reached skill level 6 in Alchemy
  3105 | D:5      | Entered Level 5 of the Dungeon
  3117 | D:5      | Noticed a black bear
  3136 | D:5      | Killed a black bear
  3137 | D:5      | Reached XP level 7. HP: 45/45 MP: 0/0
  3137 | D:5      | Learned a level 3 spell: Confusing Touch
  3202 | D:5      | Noticed a water moccasin
  3217 | D:5      | Killed a water moccasin
  3218 | D:5      | Reached skill level 7 in Spellcasting
  3218 | D:5      | Reached skill level 7 in Conjurations
  3218 | D:5      | Reached skill level 7 in Hexes
  3218 | D:5      | Reached skill level 7 in Summonings
  3218 | D:5      | Reached skill level 7 in Necromancy
  3218 | D:5      | Reached skill level 7 in Translocations
  3218 | D:5      | Reached skill level 7 in Fire Magic
  3218 | D:5      | Reached skill level 7 in Ice Magic
  3218 | D:5      | Reached skill level 7 in Air Magic
  3218 | D:5      | Reached skill level 7 in Earth Magic
  3218 | D:5      | Reached skill level 7 in Alchemy
  3242 | D:5      | Found a staircase to the Ecumenical Temple.
  3259 | Temple   | Entered the Ecumenical Temple
  3278 | Temple   | Became a worshipper of Makhleb the Destroyer
  3428 | D:5      | Reached XP level 8. HP: 47/50 MP: 0/0
  3581 | D:5      | Reached skill level 8 in Spellcasting
  3581 | D:5      | Reached skill level 8 in Conjurations
  3581 | D:5      | Reached skill level 8 in Hexes
  3581 | D:5      | Reached skill level 8 in Summonings
  3581 | D:5      | Reached skill level 8 in Necromancy
  3581 | D:5      | Reached skill level 8 in Translocations
  3581 | D:5      | Reached skill level 8 in Fire Magic
  3581 | D:5      | Reached skill level 8 in Ice Magic
  3581 | D:5      | Reached skill level 8 in Air Magic
  3581 | D:5      | Reached skill level 8 in Earth Magic
  3581 | D:5      | Reached skill level 8 in Alchemy
  3978 | D:5      | Noticed Ijyb
  3984 | D:5      | Killed Ijyb
  4350 | D:5      | HP: 20/50 [bullfrog (8)]
  4356 | D:5      | HP: 6/50 [bullfrog (4)]
  4357 | D:5      | Slain by a bullfrog

Illustrated notes

Levels and vault maps discovered:
D:1:      spicycebolla_green_bress_n_ham_2, layout_basic, minmay_3d_cube
D:2:      layout_basic, serial_bayou, serial_bayou_pond_e, serial_bayou_shore_a,
          serial_bayou_pond_c, serial_bayou_lake_a, serial_bayou_shore_b,
          minmay_misc_feat_room, eino_tiny_chamber, grunt_decor_cap
D:3:      layout_rooms, grunt_temple_overflow_open,
          mainiacjoe_overflow_surrounded_room, minmay_liquid_box
D:4:      layout_loops_ring
D:5:      layout_basic, lemuel_round_altar, minmay_temple_entry_purple_smoke,
          roderic_malta_cross, minmay_statues_item, uniq_ijyb
D:6:      layout_rooms
Temple:   nicolae_temple_figure_eight

Skill      XL: |  1  2  3  4  5  6  7  8 |
---------------+-------------------------+-----
Spellcasting   | 4 5 6 7 8 |  8.5
Conjurations   | 4 5 6 7 8 |  8.5
Hexes          | 4 5 6 7 8 |  8.5
Summonings     | 4 5 6 7 8 |  8.5
Necromancy     | 4 5 6 7 8 |  8.5
Translocations | 4 5 6 7 8 |  8.5
Fire Magic     | 4 5 6 7 8 |  8.5
Ice Magic      | 4 5 6 7 8 |  8.5
Air Magic      | 4 5 6 7 8 |  8.5
Earth Magic    | 4 5 6 7 8 |  8.5
Alchemy        | 4 5 6 7 8 |  8.5
Dodging        | |  2.1
Stealth        | |  1.5

Action                     |  1- 3 |  4- 6 |  7- 9 || total
---------------------------+-------+-------+-------++-------
  Melee: Whip              |    35 |    43 |     5 ||    83
         Unarmed           |     4 |       |       ||     4
   Cast: Summon Small Mamm |    28 |     1 |       ||    29
         Foxfire           |    21 |    51 |    86 ||   158
         Call Canine Famil |       |     8 |     5 ||    13
         Call Imp          |       |     3 |     3 ||     6
         Summon Blazeheart |       |       |     2 ||     2
         Summon Lightning  |       |       |     1 ||     1
         Blink             |       |       |     1 ||     1
    Use: Potion            |       |     2 |       ||     2
   Stab: Sleeping          |     2 |     3 |       ||     5
 Armour: Robe              |    26 |    39 |    17 ||    82
  Dodge: Dodged            |    32 |    29 |    14 ||    75

Table legend: (Time is in decaauts)
 A = Elapsed time spent in this place.
 B = Non-inter-level travel time spent in this place.
 C = Inter-level travel time spent in this place.
 D = Time resting spent in this place.
 E = Time spent auto-exploring this place.
 F = Levels seen in this place.
 G = Mean time per level.
                   A        B        C        D        E       F      G
               +--------+--------+--------+--------+--------+-----+--------+
         Total |   4366 |   4049 |    317 |     37 |   3186 |   7 |  623.7 |
       Dungeon |   4329 |   4047 |    282 |     37 |   3186 |   6 |  721.5 |
        Temple |     36 |      1 |     35 |      0 |      0 |   1 |   36.0 |
               +--------+--------+--------+--------+--------+-----+--------+

Top non-repeatable levels by time:
     D:5: 1017 daAuts
     D:1: 910 daAuts
     D:4: 894 daAuts
     D:2: 723 daAuts
     D:3: 586 daAuts
     D:6: 197 daAuts
  Temple: 36 daAuts
